 Dungeon Crawl Stone Soup version 0.18-a0-721-g8fc53f4 (webtiles) character file.

74346 Bobthepeanut the Executioner (level 15, 0/138 (139) HPs)
             Began as a Minotaur Gladiator on Dec 7, 2015.
             Was the Champion of Okawaru.
             Succumbed to a spellforged servitor's poison arrow
             ... on level 1 of the Depths on Dec 8, 2015.
             The game lasted 01:10:28 (24872 turns).

Bobthepeanut the Executioner (Minotaur Gladiator)  Turns: 24872, Time: 01:10:28

HP:   0/138 (139)   AC: 34    Str: 21    XL:     15   Next: 6%
MP:   12/12         EV: 10    Int:  8    God:    Okawaru [******]
Gold: 158           SH:  0    Dex: 21    Spells: 0 memorised, 14 levels left

rFire  + . .     SeeInvis .     j - +4 battleaxe of Suicidal Tendencies {chop, Fragile rPois MR+ Dex+3 Stlth+}
rCold  + + +     Clarity  .     Q - +9 plate armour "Syrhecr Guce" {rElec rC+++ Regen+ Str+2}
rNeg   . . .     SustAt   +     (shield currently unavailable)
rPois  +         Gourm    .     W - +1 hat {Int+3}
rElec  +         Spirit   .     a - +1 cloak
rCorr  .         Dismiss  .     r - +1 pair of gloves "Ufaciwih" {-Cast rPois rC+}
rMut   .         Stasis   .     S - +1 pair of boots {run}
MR     ++...     NoCast   +     h - amulet of faith
Stlth  ..........               v - ring of sustain attributes
                                K - ring of protection from fire

@: lethally poisoned (0 -> -15), about to teleport, quick, very resistant to
hostile enchantments, extremely unstealthy
A: retaliatory headbutt, horns 2, low mp 1
a: Heroism, Finesse, Renounce Religion


You were on level 1 of the Depths.
You worshipped Okawaru.
Okawaru was exalted by your worship.
You were not hungry.

You visited 5 branches of the dungeon, and saw 23 of its levels.

You collected 1990 gold pieces.
You spent 1832 gold pieces at shops.

Inventory:

Hand Weapons
 b - a +2 broad axe of electrocution
 j - the +4 battleaxe of Suicidal Tendencies (weapon) {chop, Fragile rPois MR+ Dex+3 Stlth+}
   (You found it on level 9 of the Dungeon)

   It inflicts extra damage upon your enemies.
   It affects your dexterity (+3).
   It protects you from poison.
   It affects your resistance to hostile enchantments.
   It will be destroyed if unequipped.
   It makes you more stealthy.
 F - a +4 battleaxe of chopping
Missiles
 d - 4 throwing nets (quivered)
Armour
 a - a +1 cloak (worn)
 r - the +1 pair of gloves "Ufaciwih" (worn) {-Cast rPois rC+}
   (Okawaru gifted it to you on level 9 of the Dungeon)

   It protects you from cold.
   It protects you from poison.
   It prevents spellcasting.
 y - the +3 troll leather armour of Divine Compulsion {rF+ Regen+ MP+9 Int-5, unknown}
   (Okawaru gifted it to you on level 4 of the Orcish Mines)

   It affects your intelligence (-5).
   It protects you from fire.
   It affects your magic capacity (+9).
   It increases your rate of regeneration.
 H - a +3 plate armour
 Q - the +9 plate armour "Syrhecr Guce" (worn) {rElec rC+++ Regen+ Str+2}
   (You bought it in a shop on level 4 of the Orcish Mines)

   It affects your strength (+2).
   It renders you almost immune to cold.
   It insulates you from electricity.
   It increases your rate of regeneration.
 S - a +1 pair of boots of running (worn)
 W - a +1 hat of intelligence (worn)
 Y - a +1 pair of boots of stealth
Jewellery
 h - an amulet of faith (around neck)
 n - an uncursed ring of protection from cold
 v - a ring of sustain attributes (right hand)
 K - a ring of protection from fire (left hand)
 N - an uncursed ring of protection from cold
 T - the amulet of Ugresul {rCorr *Confuse rElec rF+ Dex+3, unknown}
   (You found it on level 15 of the Dungeon)

   [amulet of resist corrosion]

   It protects you from acid and corrosion.
   It affects your dexterity (+3).
   It protects you from fire.
   It insulates you from electricity.
   It may confuse you when you take damage.
Wands
 e - a wand of fireball (13)
 m - a wand of disintegration (3)
 p - a wand of cold (7)
 z - a wand of teleportation (1)
 E - a wand of flame (21)
 L - a wand of disintegration (4)
 R - a wand of draining (2)
Scrolls
 f - 5 scrolls of enchant weapon
 k - 2 scrolls of fog
 o - 2 scrolls of teleportation
 B - 3 scrolls of identify
 C - 3 scrolls of recharging
 I - 2 scrolls of blinking
 M - a scroll of enchant armour {unknown}
 O - 3 scrolls of amnesia
 P - 2 scrolls of immolation {unknown}
Potions
 c - a potion of lignification {unknown}
 g - a potion of magic
 i - 2 potions of haste
 l - 2 potions of berserk rage {unknown}
 s - 3 potions of flight {unknown}
 t - 4 potions of curing {unknown}
 w - a potion of might
 x - 3 potions of poison {unknown}
 D - 4 potions of degeneration {unknown}
 G - a potion of mutation {unknown}
 J - 2 potions of agility {unknown}
 U - a potion of ambrosia {unknown}
Miscellaneous
 u - a phial of floods
Comestibles
 q - 12 bread rations
 A - 7 fruits


   Skills:
 + Level 14.5 Fighting
 * Level 21.9 Axes
 - Level 2.0 Throwing
 + Level 14.4 Armour
 + Level 4.8 Dodging


You had 14 spell levels left.
You didn't know any spells.

Dungeon Overview and Level Annotations

Branches:
Dungeon (15/15)            Temple (1/1) D:5            Lair (2/8) D:8
    Orc (4/4) D:11            Elf (0/3) Orc:4        Vaults (0/5) D:14
 Depths (1/5) D:15

Altars:
Ashenzari
Elyvilon
Fedhas
Gozag
Kikubaaqudgha
Makhleb
Nemelex Xobeh
Okawaru
Qazlal
Ru
Sif Muna
Trog
Xom
Yredelemnul
Zin
The Shining One
Beogh

Shops:
D:9 ?   Orc:3 %   Orc:4 ?[(}

Annotations:
Orc:3 1 exclusion


Innate Abilities, Weirdness & Mutations

You reflexively headbutt those who attack you in melee.
You have a pair of horns on your head.
Your magical capacity is low (-10% MP).


Message History

You partially resist.
* * * LOW HITPOINT WARNING * * *
You feel sick.
The Executioner gestures.
The Executioner seems to speed up.
The rakshasa weaves an illusion.
The lich shimmers and seems to become two!
There are monsters nearby!
Read which item? (? for menu, Esc to quit)
As you read the scroll of teleportation, it crumbles to dust.
You feel strangely unstable.
You feel sick.
The lich casts a spell.
The lich summons a servant imbued with its destructive magic!
You feel sick.
The spellforged servitor points at you and mumbles some strange words.
The poison arrow hits you!
You are more poisoned.
You partially resist.
* * * LOW HITPOINT WARNING * * *
You die...

#...........+
#...........#
#...........#
#...........#
#..........(#
#...........##
#............#
######'####.#
#@# .# #.# .#
#####2#.#
#......#
####..##
####8R#######
#..LLL..2...#
#...1LL.....#
#.......1...#


You could see a cacodemon, 3 liches, a spellforged servitor, an Executioner and
a rakshasa.

Vanquished Creatures
  Gastronok (Lair:2)
  An ettin (Orc:4)
  Snorg (D:11)
  Josephine (D:12)
  A fire dragon (D:15)
  4 vault guards (D:14)
  The ghost of Senshi the Martial Artist, a journeyman DsMo of Okawaru (D:12)
  2 ogre magi (Orc:4)
  An entropy weaver (Depths:1)
  An ice dragon (D:15)
  4 hydras
  The ghost of wearedevo the Brilliant, a novice DDAr of Pakellas (D:9)
  The ghost of gg19 the Transmogrifier, a journeyman OpTm of Makhleb (Lair:1)
  The ghost of Geeful the Martial Artist, a journeyman HuWn of Makhleb (D:11)
  A vampire mage (Depths:1)
  6 centaur warriors
  2 tengu warriors (D:14)
  11 skeletal warriors
  3 unseen horrors
  2 deep trolls (Orc:4)
  Pikel (D:7)
  7 hill giants
  A griffon (D:15)
  4 ugly things
  A manticore (D:13)
  An orc sorcerer (Orc:3)
  A hornet (shapeshifter) (D:14)
  Joseph (D:7)
  2 black mambas (Lair:2)
  9 cyclopes
  Maurice (D:9)
  Psyche (D:11)
  3 gargoyles
  4 centaur skeletons
  2 komodo dragons
  A yaktaur (D:13)
  A spiny frog (Lair:2)
  8 two-headed ogres
  13 trolls
  A polar bear (Lair:2)
  Grinder (D:5)
  2 shadows
  A hornet zombie (D:14)
  7 blink frogs
  2 wyverns
  Sigmund (D:2)
  3 redbacks (Depths:1)
  A tarantella (Depths:1)
  25 yaks
  8 wraiths
  2 deep elf magi
  A basilisk (D:14)
  Grum (D:8)
  8 hippogriffs
  2 wolves (D:8)
  Menkaure (D:7)
  A hungry ghost (D:8)
  2 mottled dragons
  6 vampire mosquitoes
  2 water moccasins
  10 ice beasts
  23 orc warriors
  A porcupine (Lair:2)
  5 sky beasts
  4 necrophages
  6 black bears
  2 wasps
  A black bear (shapeshifter) (D:15)
  19 centaurs
  29 ogres
  4 crocodiles
  A phantom (D:13)
  Blork the orc (D:5)
  13 giant frogs
  A big kobold (D:12)
  2 wyvern skeletons
  A water moccasin skeleton (D:8)
  6 killer bees (D:14)
  4 scorpions
  9 wights
  5 crimson imps
  2 jellies
  An electric eel (Lair:1)
  A quasit (D:10)
  2 centaur zombies
  4 giant frog skeletons
  2 giant frog zombies
  24 orc priests
  3 hounds
  Jessica (D:3)
  7 iguanas
  24 orc wizards
  9 worker ants
  6 sheep
  2 hound zombies
  2 hound skeletons (D:5)
  A worker ant zombie (D:10)
  Robin (D:3)
  5 gnolls
  8 river rats (Lair:2)
  10 adders
  An ooze (D:2)
  4 shadow imps
  An adder skeleton (D:8)
  5 worms
  4 giant geckos
  147 orcs
  A ball python (D:3)
  4 giant cockroaches
  18 goblins
  2 hobgoblins (D:3)
  3 jackals
  19 kobolds
  5 quokkas
  8 bats
  7 giant newts
  11 rats
688 creatures vanquished.

Vanquished Creatures (others)
  A deep elf mage (D:15)
  A plant (D:15)
2 creatures vanquished.

Grand Total: 690 creatures vanquished

Notes
Turn   | Place    | Note
--------------------------------------------------------------
     0 | D:1      | Bobthepeanut the Minotaur Gladiator began the quest for the Orb.
     0 | D:1      | Reached XP level 1. HP: 18/18 MP: 0/0
    82 | D:1      | Reached skill level 4 in Axes
   236 | D:1      | Reached XP level 2. HP: 25/25 MP: 1/1
   866 | D:2      | Noticed Sigmund
   884 | D:2      | Killed Sigmund
   884 | D:2      | Reached skill level 7 in Axes
   884 | D:2      | Reached XP level 3. HP: 12/30 MP: 2/2
   884 | D:2      | Reached XP level 4. HP: 14/37 MP: 3/3
   884 | D:2      | Reached XP level 5. HP: 15/42 MP: 4/4
  1404 | D:2      | Found a sparkling altar of Nemelex Xobeh.
  1415 | D:2      | Found a bloodstained altar of Trog.
  1757 | D:3      | Reached skill level 8 in Axes
  2062 | D:3      | Reached XP level 6. HP: 32/50 MP: 5/5
  2581 | D:3      | Noticed Robin
  2588 | D:3      | Killed Robin
  2642 | D:3      | Noticed Jessica
  2652 | D:3      | Killed Jessica
  2660 | D:3      | Upgraded the game from 0.18-a0-663-gd0428f7 to 0.18-a0-707-g3781854
  2767 | D:3      | Reached skill level 9 in Axes
  3402 | D:4      | Reached skill level 1 in Armour
  3402 | D:4      | Reached XP level 7. HP: 35/56 MP: 6/6
  3921 | D:5      | Entered Level 5 of the Dungeon
  3933 | D:5      | Found a staircase to the Ecumenical Temple.
  3944 | Temple   | Entered the Ecumenical Temple
  3971 | Temple   | Became a worshipper of Warmaster Okawaru
  4160 | D:5      | Noticed Blork the orc
  4172 | D:5      | Killed Blork the orc
  4219 | D:5      | HP: 2/57 [poisoned by Blork the orc]
  4485 | D:5      | Reached skill level 10 in Axes
  4618 | D:5      | Noticed Grinder
  4749 | D:5      | Reached * piety under Okawaru
  4749 | D:5      | Reached XP level 8. HP: 31/66 MP: 7/7
  4782 | D:5      | Paralysed by Grinder for 2 turns
  4794 | D:5      | Killed Grinder
  5018 | D:5      | Found a shimmering altar of Xom.
  5018 | D:5      | Found a glowing golden altar of the Shining One.
  5019 | D:5      | Found a stormy altar of Qazlal.
  5019 | D:5      | Found a blossoming altar of Fedhas.
  5019 | D:5      | Found an ancient bone altar of Kikubaaqudgha.
  5019 | D:5      | Found a shattered altar of Ashenzari.
  5087 | D:5      | Found a sacrificial altar of Ru.
  5592 | D:6      | Reached skill level 5 in Fighting
  5592 | D:6      | Reached skill level 5 in Armour
  5600 | D:6      | Reached skill level 11 in Axes
  5685 | D:6      | Found a deep blue altar of Sif Muna.
  6091 | D:7      | Reached ** piety under Okawaru
  6232 | D:7      | Noticed Menkaure
  6424 | D:6      | Upgraded the game from 0.18-a0-707-g3781854 to 0.18-a0-721-g8fc53f4
  6853 | D:7      | Killed Menkaure
  6853 | D:7      | Reached XP level 9. HP: 75/75 MP: 8/8
  6908 | D:7      | Killed an unseen horror
  6908 | D:7      | Reached skill level 12 in Axes
  6966 | D:7      | Reached *** piety under Okawaru
  7245 | D:7      | Found a white marble altar of Elyvilon.
  7590 | D:7      | Noticed Joseph
  7606 | D:7      | Killed Joseph
  7613 | D:7      | Found an ancient bone altar of Kikubaaqudgha.
  7614 | D:7      | Noticed Pikel
  7625 | D:7      | Killed Pikel
  7625 | D:7      | Reached **** piety under Okawaru
  7971 | D:7      | Reached XP level 10. HP: 53/88 MP: 9/9
  8210 | D:8      | Noticed Grum
  8210 | D:8      | Received a gift from Okawaru
  8220 | D:8      | Killed Grum
  8220 | D:8      | Reached skill level 13 in Axes
  8454 | D:8      | Reached ***** piety under Okawaru
  8650 | D:8      | Found a staircase to the Lair.
  8767 | D:9      | Found a glowing silver altar of Zin.
  8767 | D:9      | Noticed an angel
  8824 | D:9      | Got a crystal battleaxe
  8825 | D:9      | Identified the +4 battleaxe of Suicidal Tendencies {chop, Fragile rPois MR+ Dex+3 Stlth+} (You found it on level 9 of the Dungeon)
  8900 | D:9      | Found Xaall's Magic Scroll Shop.
  9039 | D:9      | Noticed wearedevo's ghost (novice DDAr)
  9056 | D:9      | Killed wearedevo's ghost
  9056 | D:9      | Received a gift from Okawaru
  9059 | D:9      | Got a pair of steaming gloves {god gift}
  9070 | D:9      | Identified the +1 pair of gloves "Ufaciwih" {-Cast rPois rC+} (Okawaru gifted it to you on level 9 of the Dungeon)
  9176 | D:9      | Noticed Maurice
  9180 | D:9      | Killed Maurice
  9180 | D:9      | Reached skill level 10 in Armour
  9602 | D:10     | Entered Level 10 of the Dungeon
  9676 | Lair:1   | Entered Level 1 of the Lair of Beasts
  9696 | Lair:1   | Noticed gg19's ghost (journeyman OpTm)
  9710 | Lair:1   | Killed gg19's ghost
  9710 | Lair:1   | Reached skill level 14 in Axes
 10116 | Lair:1   | Reached XP level 11. HP: 68/99 MP: 10/10
 10145 | Lair:1   | Reached skill level 10 in Fighting
 10735 | Lair:2   | Received a gift from Okawaru
 10980 | Lair:2   | Noticed Gastronok
 10995 | Lair:2   | Killed Gastronok
 10995 | Lair:2   | Received a gift from Okawaru
 10995 | Lair:2   | Reached ****** piety under Okawaru
 10995 | Lair:2   | Reached skill level 15 in Axes
 11206 | Lair:2   | Noticed an eight-headed hydra
 11217 | Lair:2   | Killed a 12-headed hydra
 11662 | D:10     | Reached skill level 16 in Axes
 12184 | D:10     | Reached XP level 12. HP: 99/109 MP: 11/11
 12667 | D:10     | Received a gift from Okawaru
 12892 | D:11     | Received a gift from Okawaru
 12901 | D:11     | Got a dazzling ring mail {god gift}
 12923 | D:11     | Reached skill level 17 in Axes
 12924 | D:11     | Noticed Psyche
 12930 | D:11     | Killed Psyche
 13020 | D:11     | Noticed Geeful's ghost (journeyman HuWn)
 13038 | D:11     | Killed Geeful's ghost
 13224 | D:12     | Found a frozen archway.
 13226 | D:11     | HP: 5/111 [skeletal warrior/trident (10)]
 13625 | D:11     | Found a staircase to the Orcish Mines.
 13673 | D:11     | Found a roughly hewn altar of Beogh.
 13707 | D:11     | Noticed Snorg
 13720 | D:11     | Killed Snorg
 14311 | Orc:1    | Entered Level 1 of the Orcish Mines
 14397 | Orc:2    | Reached skill level 18 in Axes
 14613 | Orc:3    | Received a gift from Okawaru
 14622 | Orc:3    | Found a roughly hewn altar of Beogh.
 14942 | D:11     | Reached XP level 13. HP: 82/118 MP: 12/12
 15143 | Orc:3    | Found Zeduthrett's Food Emporium.
 15666 | Orc:4    | Entered Level 4 of the Orcish Mines
 15666 | Orc:4    | Found a roughly hewn altar of Beogh.
 15865 | Orc:4    | Found a staircase to the Elven Halls.
 16268 | Orc:4    | Found Bepo Hui's Gadget Emporium.
 16269 | Orc:4    | Found Ynourhaw's Weapon Shoppe.
 16618 | Orc:3    | Received a gift from Okawaru
 17048 | Orc:4    | Reached skill level 19 in Axes
 17051 | Orc:4    | HP: 4/118 [troll (9)]
 17518 | Orc:4    | Received a gift from Okawaru
 17521 | Orc:4    | Got a translucent troll leather armour {god gift}
 17531 | Orc:4    | Found Fatac's Armour Boutique.
 17542 | Orc:4    | Found Bihetzi's Magic Scroll Emporium.
 18109 | D:12     | Noticed Senshi's ghost (journeyman DsMo)
 18135 | D:12     | Killed Senshi's ghost
 18387 | D:12     | Noticed Josephine
 18398 | D:12     | Killed Josephine
 19134 | D:13     | Reached skill level 20 in Axes
 19134 | D:13     | Reached XP level 14. HP: 61/128 MP: 10/13
 19727 | D:13     | Received a gift from Okawaru
 20615 | D:14     | Found a basalt altar of Yredelemnul.
 21444 | D:14     | Received a gift from Okawaru
 21842 | D:14     | Found a gate to the Vaults.
 21866 | D:14     | Reached skill level 21 in Axes
 22116 | D:14     | Found a blossoming altar of Fedhas.
 22232 | D:15     | Entered Level 15 of the Dungeon
 22327 | D:15     | Identified a +1 pair of boots of running (You found it on level 15 of the Dungeon)
 22408 | D:15     | Got a crude graven amulet
 22846 | D:15     | Received a gift from Okawaru
 24077 | D:15     | Found a staircase to the Depths.
 24404 | Orc:4    | Bought the +9 plate armour "Syrhecr Guce" {rElec rC+++ Regen+ Str+2} for 1832 gold pieces
 24738 | D:15     | Reached XP level 15. HP: 131/138 MP: 14/14
 24767 | Depths:1 | Entered Level 1 of the Depths
 24858 | Depths:1 | Noticed a lich
 24862 | Depths:1 | Gained mutation: Your magical capacity is low (-10% MP). [a cacodemon]
 24864 | Depths:1 | Noticed a Shadow Fiend
 24868 | Depths:1 | Noticed an Executioner
 24871 | Depths:1 | HP: 1/138 [spellforged servitor/poison arrow[a lich] (26)]
 24872 | Depths:1 | Succumbed to a spellforged servitor's poison arrow

Vault maps used:
D:1:      minmay_arrival_solitary_statue
D:2:      amethyst_overflow_temple_binary, uniq_sigmund
D:3:      grunt_ministairs_3, uniq_robin, uniq_jessica
D:5:      nicolae_ru_awakened_eye, grunt_temple_overflow_open,
          minmay_temple_entry_trees, first_bread, uniq_grinder,
          uniq_blork_the_orc
D:6:      basic_altar
D:7:      hangedman_cross_stitches, lemuel_round_altar, basic_altar,
          grunt_ogre_cave, uniq_joseph, uniq_menkaure, uniq_pikel
D:8:      nicolae_dithmenos_the_darkroom, lair_0_dummy, uniq_grum
D:9:      zin_angel, serial_shops, shop, uniq_maurice
D:10:     kennysheep_kite_vault
D:11:     minmay_orc_entry_temple_small, uniq_snorg, uniq_psyche
D:12:     portal_ice_cave_entry_ice_beasts, nrook_uturn, dk_noncrumbling_4,
          minmay_holes, uniq_josephine
D:14:     lightli_vaults_fourway_checkpoint, fedhas_altar_4,
          serial_column_ruins, column_ruins_hut, column_ruins_temple_circle,
          column_ruins_columns_corner, column_ruins_grid_2,
          column_ruins_open_medium, column_ruins_columns_corner,
          column_ruins_grid_3, wad_dig_loot
D:15:     grunt_enter_depths_hoard, serial_bayou_pond_a
Temple:   cyrus_temple_forest_13
Lair:1:   grunt_megastairs_3, serial_bayou_shore_a
Lair:2:   st_stairs_10, grunt_forest_large_clearings, uniq_gastronok
Orc:1:    mines1_david, uniq_urug
Orc:3:    serial_shops, nicolae_shop_waterfront, basic_altar,
          nicolae_orc_pool_cavern
Orc:4:    st_orc_open, basic_altar
Depths:1: pf_vacation_house_of_asmodeus, serial_bayou_pond_e,
          kilobyte_rumbling_trees, grunt_megastairs_5

Action                   |  1- 3 |  4- 6 |  7- 9 | 10-12 | 13-15 || total
-------------------------+-------+-------+-------+-------+-------++-------
Melee: War axe           |    51 |   127 |   105 |    75 |       ||   358
       Hand axe          |       |    62 |   222 |       |       ||   284
       Battleaxe         |       |       |       |   472 |   752 ||  1224
Throw: Throwing net      |       |       |     3 |       |       ||     3
Invok: Heroism           |       |       |     1 |     2 |     8 ||    11
Evoke: Wand              |       |       |       |     3 |     7 ||    10
  Use: Scroll            |       |     5 |     5 |     9 |     8 ||    27
       Potion            |       |     4 |     1 |     1 |     1 ||     7
 Stab: Held in net/web   |       |       |     1 |       |       ||     1
  Eat: Chunk             |       |     3 |     9 |    15 |     8 ||    35
       Bread ration      |       |     1 |       |     2 |     2 ||     5
       Meat ration       |       |       |     1 |       |     3 ||     4
       Beef jerky        |       |       |     1 |       |       ||     1
